 Dungeon Crawl Stone Soup version 0.21.1-1-g345015f (webtiles) character file.

237 sking99 the Chopper (level 6, -4/53 HPs)
             Began as a Hill Orc Monk on June 13, 2018.
             Slain by Crazy Yiuf
             ... wielding a +4 quarterstaff of chaos
              (10 damage)
             ... while paralysed by Crazy Yiuf
             ... on level 2 of the Dungeon.
             The game lasted 00:13:22 (2717 turns).

sking99 the Chopper (Hill Orc Monk)                 Turns: 2717, Time: 00:13:23

Health: -4/53      AC:  5    Str: 16    XL:     6   Next: 6%
Magic:  5/6        EV:  2    Int: 10    God:
Gold:   57         SH:  0    Dex: 13    Spells: 5/5 levels left

rFire    . . .     SeeInvis .   a - +0 hand axe
rCold    . . .     Gourm    .   (no shield)
rNeg     . . .     Faith    .   g - +0 ring mail
rPois    .         Spirit   .   (no helmet)
rElec    .         Reflect  .   (no cloak)
rCorr    .         Harm     .   (no gloves)
MR       .....                  (no boots)
Stlth    +.........             (no amulet)
HPRegen  0.17/turn              (no ring)
MPRegen  0.10/turn              (no ring)

@: paralysed, drained
A: no striking features
a: no special abilities


You were on level 2 of the Dungeon.
You were not hungry.

You visited 1 branch of the dungeon, and saw 2 of its levels.

You collected 57 gold pieces.

Inventory:

Hand Weapons
 a - a +0 hand axe (weapon)
 f - a +0 spear
Armour
 b - a +0 robe
 e - a +0 leather armour
 g - a +0 ring mail (worn)
 l - a +1 helmet of see invisible
Wands
 n - a wand of digging (8)
Scrolls
 d - 2 scrolls of magic mapping {unknown}
 h - a scroll of noise {unknown}
 i - a scroll of fear {unknown}
 m - 2 scrolls of enchant armour {unknown}
Potions
 j - a potion of flight {unknown}
 k - a potion of berserk rage {unknown}
 p - a potion of heal wounds {unknown}
Comestibles
 c - 6 rations


   Skills:
 + Level 4.5(4.0) Fighting
 * Level 7.2(6.6) Axes
 * Level 2.6(2.1) Armour
 - Level 2.4(1.8) Dodging
 - Level 1.5(1.0) Stealth


You had 5 spell levels left.
You didn't know any spells.

Dungeon Overview and Level Annotations

Branches:
Dungeon (2/15)

Altars:
Nemelex Xobeh

Annotations:
D:2 Crazy Yiuf


Message History

Crazy Yiuf hits you with a quarterstaff of chaos.
You feel your power leaking away.
You hit Crazy Yiuf.
Crazy Yiuf is severely wounded.
Crazy Yiuf barely misses you.
You hit Crazy Yiuf.
Crazy Yiuf is almost dead.
Crazy Yiuf hits you with a quarterstaff of chaos.
You suddenly lose the ability to move!
Crazy Yiuf says, "Ghoul action dark!"
Crazy Yiuf hits you with a quarterstaff of chaos!
* * * LOW HITPOINT WARNING * * *
Crazy Yiuf burns you.
* * * LOW HITPOINT WARNING * * *
Crazy Yiuf hits you with a quarterstaff of chaos.
* * * LOW HITPOINT WARNING * * *
Space bends around you.
* * * LOW HITPOINT WARNING * * *
Crazy Yiuf hits you with a quarterstaff of chaos!
You die...

♣P..♣♣
#...........
♣...♣
#.........##
♣♣.♣♣
#.........##
♣.♣♣
#..........÷
♣♣.♣
###.......##
♣.♣♣
#.......##
♣♣.♣
#.......##
##'##
#.......##
#.@.#
##########
#.g.# #
#..)# #
##### # ####
#... #.##
#.##


You could see Crazy Yiuf.

Vanquished Creatures
  A hound (D:2)
  Natasha (thrice) (D:2)
  Robin (D:2)
  A gnoll (D:1)
  5 adders (D:2)
  3 dart slugs
  A leopard gecko (D:2)
  5 bats
  3 giant cockroaches (D:1)
  14 goblins
  8 hobgoblins
  5 jackals
  4 kobolds
  3 frilled lizards
  6 rats
  4 fungi (D:2)
  2 plants (D:1)
69 creatures vanquished.

Notes
Turn   | Place    | Note
-------+----------+-------------------------------------------
     0 | D:1      | sking99 the Hill Orc Monk began the quest for the Orb.
     0 | D:1      | Reached XP level 1. HP: 19/19 MP: 1/1
   115 | D:1      | Reached XP level 2. HP: 27/27 MP: 2/2
   368 | D:1      | Reached skill level 5 in Axes
   368 | D:1      | Reached XP level 3. HP: 17/33 MP: 3/3
  1449 | D:2      | Reached skill level 1 in Armour
  1449 | D:2      | Reached XP level 4. HP: 21/40 MP: 4/4
  1622 | D:2      | Noticed Robin
  1700 | D:2      | Reached skill level 6 in Axes
  1704 | D:2      | Noticed Natasha
  1736 | D:2      | Killed Natasha
  1736 | D:2      | Reached XP level 5. HP: 26/47 MP: 5/5
  1863 | D:2      | Killed Robin
  2047 | D:2      | Noticed Natasha
  2114 | D:2      | Killed Natasha
  2301 | D:2      | Reached skill level 7 in Axes
  2348 | D:2      | Found a sparkling altar of Nemelex Xobeh.
  2423 | D:2      | Noticed Natasha
  2438 | D:2      | Killed Natasha
  2438 | D:2      | Reached XP level 6. HP: 32/53 MP: 6/6
  2698 | D:2      | Found a runed door.
  2702 | D:2      | Noticed Crazy Yiuf
  2713 | D:2      | Paralysed by Crazy Yiuf for 7 turns
  2717 | D:2      | Slain by Crazy Yiuf

Skill      XL: |  1  2  3  4  5 |
---------------+----------------+-----
Fighting       | 4 |  4.5
Axes           | 5 6 7 |  7.2
Armour         | 1 2 |  2.6
Dodging        | |  2.4
Stealth        | |  1.5

Action                   |  1- 3 |  4- 6 || total
-------------------------+-------+-------++-------
Melee: Hand axe          |   189 |   158 ||   347
 Stab: Sleeping          |     1 |       ||     1
  Eat: Ration            |     1 |     1 ||     2
Armor: Robe              |    11 |       ||    11
       Leather armour    |     3 |       ||     3
       Ring mail         |    15 |    39 ||    54
Dodge: Dodged            |    91 |    72 ||   163
